Map: Prion Terraces

Players

Solar - Winner!

  • Race: Zerg Zerg

uThermal

  • Race: Terran Terran

Event: Root's WW3

VOD

Have the link to the VOD?

Description

Time

  • Played on: Dec. 11, 2015, 5:10 a.m.
  • Length: 8:07

All games in this series

Show
View Real Time Build Order
Export as new Build Order

Solar Zerg - Winner!

Build Orders: Hatch First 

Get SALT Encoding   

  12  0:01  Drone  
  13  0:12  Overlord  
  13  0:17  Drone  
  14  0:30  Drone x2  
  14  0:34  Drone  
  17  0:51  Hatchery  
  17  0:54  Drone  
  17  0:56  Drone  
  18  1:10  Spawning Pool  
  17  1:14  Extractor  
  17  1:15  Drone  
  17  1:18  Drone  
  18  1:27  Drone  
  19  1:39  Overlord  
  19  1:57  Queen  
  19  1:58  Zergling x2  
  19  2:00  Zergling x2  
  23  2:03  Queen  
  23  2:04  Drone  
  26  2:11  Drone  
  27  2:15  Metabolic Boost  
  27  2:17  Drone  
  28  2:23  Drone  
  28  2:25  Drone  
  30  2:32  Overlord  
  30  2:36  Overlord  
  30  2:39  Queen  
  30  2:42  Drone  
  32  2:52  Zergling x2  
  32  2:56  Zergling x2  
  32  2:58  Queen  
  36  2:59  Zergling x2  
  37  3:06  Zergling x2  
  37  3:09  Drone x4  
  37  3:12  Drone x3  
  45  3:20  Overlord  
  45  3:22  Drone  
  46  3:30  Zergling x2  
  46  3:34  Zergling x2  
  48  3:41  Drone  
  49  3:43  Drone  
  49  3:44  Hatchery  
  49  3:50  Drone  
  49  3:52  Overlord  
  49  3:53  Drone x2  
  52  3:59  Roach Warren  
  52  4:02  Zergling x4  
  52  4:08  Zergling x8  
  56  4:10  Extractor  
  56  4:14  Overlord  
  55  4:20  Drone  
  56  4:30  Drone x2  
  58  4:32  Drone x2  
  58  4:33  Drone  
  58  4:37  Drone  
  62  4:44  Drone  
  62  4:45  Drone x3  
  66  4:55  Evolution Chamber, Overlord  
  66  4:56  Evolution Chamber, Drone  
  66  4:58  Drone, Queen  
  68  5:00  Extractor  
  68  5:02  Lair  
  67  5:07  Drone x2  
  67  5:08  Drone  
  70  5:15  Drone x2  
  70  5:20  Drone x2  
  70  5:21  Drone  
  75  5:24  Drone x4, Extractor  
  75  5:27  Zerg Missile Weapons Level 1, Overlord, Zerg Ground Armor Level 1  
  78  5:29  Drone x3  
  78  5:31  Extractor x2  
  78  5:34  Overlord  
  79  5:40  Drone x2  
  81  5:45  Drone  
  82  5:50  Overlord  
  82  5:51  Drone x4  
  82  5:52  Overlord  
  82  5:55  Roach  
  88  6:01  Roach  
  94  6:04  Roach x2  
  94  6:05  Glial Reconstitution  
  94  6:10  Roach x4  
  102  6:12  Overlord  
  102  6:15  Roach  
  104  6:23  Roach x6  
  104  6:24  Hatchery  
  115  6:26  Overlord  
  115  6:27  Roach x2  
  119  6:36  Overlord  
  119  6:37  Overlord x2  
  119  6:43  Overlord  
  119  6:46  Roach x2  
  123  6:50  Overlord  
  123  6:51  Roach  
  123  6:52  Hatchery, Roach  
  126  7:00  Overlord, Ravager x6  
  132  7:02  Roach  
  132  7:03  Roach x7  
  147  7:13  Overlord  
  147  7:15  Roach x4  
  155  7:25  Roach x2  
  159  7:30  Overlord  
  159  7:34  Ravager x6  
  161  7:37  Roach  
  161  7:38  Roach x4  
  161  7:39  Roach  
  161  7:43  Overlord  
  170  7:46  Roach x3  
Show
View Real Time Build Order
Export as new Build Order

uThermal Terran 

Build Orders: MMM Bio 

Get SALT Encoding   

  12  0:01  SCV  
  13  0:13  SCV  
  14  0:17  Supply Depot  
  14  0:25  SCV  
  15  0:39  SCV  
  15  0:42  Barracks  
  16  0:45  Refinery  
  16  0:51  SCV  
  17  1:03  SCV  
  18  1:15  SCV  
  19  1:28  Orbital Command  
  19  1:30  Barracks Reactor  
  19  1:42  Command Center  
  19  1:50  Supply Depot  
  19  1:54  SCV  
  20  2:06  Reaper x2  
  20  2:07  SCV  
  23  2:19  SCV  
  23  2:21  Bunker  
  24  2:26  Refinery  
  24  2:29  Barracks  
  24  2:31  SCV  
  24  2:37  Barracks  
  25  2:40  Reaper  
  25  2:42  Reaper  
  25  2:44  SCV  
  28  2:56  SCV, Orbital Command  
  29  3:08  SCV, Supply Depot  
  30  3:15  Reaper x2  
  32  3:25  SCV x2  
  34  3:27  Barracks Tech Lab  
  34  3:28  Marine  
  35  3:34  Supply Depot  
  35  3:40  SCV  
  35  3:41  SCV  
  37  3:47  Reaper  
  37  3:48  Supply Depot, Reaper  
  39  3:52  Supply Depot  
  39  3:57  SCV  
  39  3:58  Marine x2  
  39  4:00  SCV  
  43  4:07  Factory  
  43  4:09  SCV, Stimpack  
  44  4:12  SCV  
  44  4:16  Marine x2  
  47  4:21  SCV  
  47  4:23  Engineering Bay  
  48  4:24  SCV, Marine  
  48  4:25  Refinery  
  48  4:26  Marine  
  51  4:33  SCV  
  51  4:34  Marine x2  
  51  4:36  SCV  
  54  4:48  Marine x2  
  54  4:52  Factory Reactor, Starport  
  52  4:56  Barracks  
  52  4:57  Barracks Reactor, Marine  
  52  4:58  Barracks  
  52  4:59  SCV x2  
  54  5:06  Marine x2  
  56  5:09  Refinery  
  56  5:11  Terran Infantry Weapons Level 1, SCV x2  
  58  5:14  Supply Depot  
  58  5:15  Marine  
  59  5:23  SCV  
  59  5:24  Marine  
  59  5:25  SCV  
  59  5:27  Marine  
  63  5:33  Marine  
  63  5:35  Factory Tech Lab, SCV, Marine x2  
  67  5:36  Medivac x2  
  67  5:41  Marine  
  72  5:45  Barracks Reactor x2, Supply Depot, Marine  
  73  5:51  Marine  
  73  5:52  Supply Depot  
  73  5:53  Marine x2  
  76  5:59  Siege Tank  
  76  6:00  Marine  
  76  6:02  Marine  
  81  6:04  Supply Depot  
  81  6:08  Marine  
  81  6:10  Combat Shields  
  82  6:12  Marine x2  
  82  6:18  Marine  
  84  6:20  Marine x2  
  84  6:25  Marine x2  
  86  6:26  Marine  
  86  6:30  Marine  
  86  6:31  Siege Tank  
  86  6:32  Marine x2  
  92  6:35  Medivac  
  95  6:40  Medivac  
  95  6:44  Marine x6  
  103  6:48  Supply Depot, Marine  
  104  6:55  Marine x2  
  104  6:57  Supply Depot  
  106  7:07  Marine x2  
  107  7:08  Siege Tank  
  107  7:10  Marine x3  
  107  7:11  Marine x2  
  107  7:15  Marine x2  
  115  7:16  Supply Depot  
  115  7:22  Medivac  
  119  7:25  Marine x2  
  121  7:30  Marine  
  121  7:32  Marine  
  117  7:42  Marine  
Tags
 
Composition
MMM Bio
Matchup
TvZ
Replay Pack
WW3 Reps
Add a new tag
Caveats
  • Supply blocks, unpowered buildings, or Contaminate may cause inaccurate times.
  • Supply counts are checked every 10 seconds.